 Dungeon Crawl Stone Soup version 0.25-b1-41-g19641232cd (console) character file.

Game seed: 4895672300213964359

90282 Kagalorn the Thaumaturge (level 16, -5/121 (122) HPs)
             Began as a Gnoll Air Elementalist on June 8, 2020.
             Was the Champion of Cheibriados.
             Slain by an ettin
             ... wielding a +0 dire flail
              (34 damage)
             ... on level 2 of the Orcish Mines.
             The game lasted 01:13:59 (27808 turns).

Kagalorn the Thaumaturge (Gnoll Air Elementalist)  Turns: 27808, Time: 01:14:01

HP:   -5/121 (122)  AC: 23    Str: 25    XL:     16   Next: 0%
MP:   41/41         EV: 25    Int: 43    God:    Cheibriados [******]
Gold: 2606          SH: 20    Dex: 33    Spells: 27/37 levels left

rFire    + + .     SeeInvis .   a - +6 broad axe
rCold    x . .     Gourm    .   v - +1 kite shield {AC+3}
rNeg     . . .     Faith    .   t - +0 fire dragon scales
rPois    .         Spirit   .   Q - +3 hat of Pondering {ponderous, MR+ MP+10 Int+5}
rElec    .         Reflect  +   I - +2 cloak
rCorr    .         Harm     .   (no gloves)
MR       ++...                  X - +1 pair of boots
Stlth    ++++......             M - amulet of reflection
HPRegen  0.30/turn              o - +4 ring of evasion
MPRegen  0.27/turn              (no ring)

@: very slow
A: distributed training, fangs 1, strong nose
a: Bend Time, Temporal Distortion, Slouch, Step From Time, Renounce Religion


You were on level 2 of the Orcish Mines.
You worshipped Cheibriados.
Cheibriados was exalted by your worship.
You were not hungry.

You visited 5 branches of the dungeon, and saw 25 of its levels.
You also visited: Volcano.

You collected 2606 gold pieces.

Inventory:

Hand Weapons
 a - a +6 broad axe (weapon)
 b - a +1 short sword of venom
 w - a +0 broad axe of flaming
Missiles
 i - 293 bolts
 l - 7 javelins
 E - 15 curare-tipped darts (quivered)
 N - 5 throwing nets
 W - 2 silver javelins
Armour
 t - +0 fire dragon scales (worn)
 v - a +1 kite shield of protection (worn)
 A - +0 swamp dragon scales
 I - a +2 cloak (worn)
 Q - the +3 hat of Pondering (worn) {ponderous, MR+ MP+10 Int+5}
   (You found it on level 1 of the Orcish Mines)

   It affects your intelligence (+5).
   It affects your resistance to hostile enchantments.
   It affects your magic capacity (+10).
 V - a +1 hat
 X - a +1 pair of boots (worn)
 Y - a +0 chain mail of magic resistance
Jewellery
 k - an uncursed amulet of regeneration
 o - a +4 ring of evasion (left hand)
 M - an amulet of reflection (around neck)
Wands
 q - a wand of polymorph (19)
 r - a wand of acid (6)
 F - a wand of enslavement (27)
 J - a wand of clouds (6)
 R - a wand of iceblast (7)
 T - a wand of digging (20)
Scrolls
 f - 10 scrolls of teleportation
 h - 9 scrolls of remove curse
 n - 4 scrolls of blinking
 y - a scroll of fog
 D - 4 scrolls of fear
 G - a scroll of identify
 H - a scroll of magic mapping
 K - a scroll of enchant weapon
 L - a scroll of summoning
 S - a scroll of enchant armour
 U - 4 scrolls of amnesia
Potions
 d - 5 potions of flight
 g - 4 potions of curing
 j - 4 potions of might
 p - 5 potions of magic
 s - 3 potions of resistance
 u - 2 potions of ambrosia
 x - 5 potions of lignification
 z - 11 potions of heal wounds
 B - 6 potions of brilliance
 P - 2 potions of cancellation
Miscellaneous
 C - a phial of floods
 O - 2 boxes of beasts
 Z - a phantom mirror
Comestibles
 c - 41 rations


   Skills:
 + Level 10.3 Fighting
 + Level 10.3 Short Blades
 + Level 10.3 Long Blades
 + Level 10.3 Axes
 + Level 10.3 Maces & Flails
 + Level 10.3 Polearms
 + Level 10.3 Staves
 + Level 10.3 Slings
 + Level 10.3 Bows
 + Level 10.3 Crossbows
 + Level 10.3 Throwing
 + Level 10.3 Armour
 + Level 11.2 Dodging
 + Level 11.0 Stealth
 + Level 10.3 Shields
 + Level 10.3 Unarmed Combat
 + Level 11.3 Spellcasting
 + Level 9.0 Conjurations
 + Level 8.7 Hexes
 + Level 8.7 Charms
 + Level 8.7 Summonings
 + Level 8.7 Necromancy
 + Level 8.7 Translocations
 + Level 8.7 Transmutations
 + Level 8.7 Fire Magic
 + Level 8.7 Ice Magic
 + Level 10.2 Air Magic
 + Level 8.7 Earth Magic
 + Level 8.7 Poison Magic
 + Level 11.1 Invocations
 + Level 10.3 Evocations


You had 27 spell levels left.
You knew the following spells:

 Your Spells              Type           Power        Failure   Level  Hunger
a - Shock                 Conj/Air       ####         1%          1    None
b - Airstrike             Air            #######...   1%          4    None
e - Mephitic Cloud        Conj/Pois/Air  #######.     1%          3    None
g - Blink                 Tloc           N/A          1%          2    None

Your spell library contained the following spells:

 Spells                   Type           Power        Failure   Level  Hunger
 Animate Skeleton         Necr           N/A          1%          1    None
 Beastly Appendage        Tmut           ######       1%          1    None
 Magic Dart               Conj           ####         1%          1    None
 Pain                     Necr           ####         1%          1    None
 Call Imp                 Summ           #######.     1%          2    None
 Slow                     Hex            #######.     1%          2    None
 Sticks to Snakes         Tmut           #######.     1%          2    None
 Swiftness                Chrm/Air       #######.     1%          2    None
 Conjure Flame            Conj/Fire      #######.     1%          3    None
 Spider Form              Tmut/Pois      #######...   1%          3    None
 Static Discharge         Conj/Air       #######.     1%          3    None
 Vampiric Draining        Necr           #######...   1%          3    None
 Animate Dead             Necr           N/A          1%          4    None
 Ice Form                 Ice/Tmut       #######.     1%          4    None
 Lightning Bolt           Conj/Air       #######...   3%          5    None
 Agony                    Necr           #######.     4%          5    None
 Blade Hands              Tmut           #######...   4%          5    None


Dungeon Overview and Level Annotations

Branches:
Dungeon (15/15)            Temple (1/1) D:7            Lair (6/6) D:10
 Shoals (1/4) Lair:4        Snake (0/4) Lair:3        Slime (0/5) Lair:6
    Orc (2/2) D:9             Elf (0/3) Orc:2        Vaults (0/5) D:13
Volcano (visited)
 Depths: D:15

Altars:
Ashenzari
Cheibriados
Dithmenos
Elyvilon
Fedhas
Gozag
Hepliaklqana
Kikubaaqudgha
Makhleb
Nemelex Xobeh
Okawaru
Qazlal
Ru
Sif Muna
Trog
Uskayaw
Vehumet
Wu Jian
Xom
Yredelemnul
Zin
The Shining One
Beogh
Jiyva

Shops:
D:11 *   Orc:2 =

Annotations:
D:6 2 transporters, kelmiir's ghost, novice OpMo
D:11 1 exclusion
Lair:4 3 runed translucent doors, Hiywul's ghost, journeyman MiHu


Innate Abilities, Weirdness & Mutations

Your experience applies equally to all skills.
You have very sharp teeth.
Your uncanny sense of smell can sniff out nearby items.


Message History

You hit the ettin.
The ettin is heavily wounded.
You slash the ogre!
You kill the ogre!
Cheibriados appreciates the change of pace.
You have reached level 16!
You feel agile.
You hit the orc.
You hear a shout!
The ettin completely misses you. You block the ettin's attack.
You block the orc's attack.
The orc hits you from afar with a +0 trident.
* * * LOW HITPOINT WARNING * * *
You barely miss the ettin. You bite the ettin.
The ettin is heavily wounded.
You slash the orc!
You kill the orc!
Cheibriados appreciates the change of pace.
The ettin hits you with a +0 dire flail!!
You die...

..## *******,,,**,*,,,, ...##
##,*** *,,,*,,,,,,, ....##
#...,####.*,,,*,*** .....####
*#.....#...,*,*****, ..#.###.##
*...#.#....*****,,,,
...###...######.#.....##,,,,,,,,,
..##.##.###.##...#.....P,,,,,,,,,
.........#......#)......,,,,,,,,,
.....#..#.#.##.#@C.o.P.P,,,,,,,,,
..$.............#)o.$..C,,,,,,,,,
.....#.##...##.###....P.,,∩,,,,,,
............#### *##....,8,,,,,,,
.............#*** *,,.P.,,,,,,,,,
..............#,***,,,..,,,,,,,,,
................,,,,,*,.,,,,,,,,,
............#.#..,,,**,,,,,,,,,,,
............##.#.,,,,,,,*,,,,,,,,


You could see an ettin, a cyclops and 2 orcs.

Vanquished Creatures
  Kirke (Lair:5)
  Azrael (D:12)
  Josephine (Lair:5)
  An ettin (Orc:2)
  A fire dragon (Lair:6)
  2 hydras
  Harold (D:8)
  A catoblepas (Lair:2)
  7 two-headed ogres
  8 centaur warriors
  3 tengu warriors
  An ogre mage (Volcano)
  Urug (Lair:5)
  3 death yaks (Lair:4)
  3 skeletal warriors
  A hell knight (Volcano)
  An unseen horror (D:11)
  A lindwurm (Lair:6)
  An obsidian statue (D:14)
  A deep elf archer (D:13)
  An orb spider (shapeshifter) (Lair:2)
  An orc knight (D:13)
  7 ugly things
  Pikel (D:5)
  5 deep elf magi
  4 cyclopes
  3 manticores
  4 black mambas
  Maurice (D:8)
  9 elephants
  A gargoyle (D:11)
  6 torpor snails
  11 spiny frogs
  3 centaur skeletons
  4 efreet
  4 yaktaurs (D:13)
  2 rime drakes
  Maggie (D:8)
  4 trolls
  8 komodo dragons
  3 tengu conjurers
  10 polar bears
  4 tyrant leeches (Lair:6)
  9 slime creatures
  Grinder (D:5)
  Prince Ribbit (D:8)
  8 hornets (Lair:6)
  15 blink frogs
  2 raiju (Lair:6)
  11 dream sheep
  7 hippogriffs
  Sigmund (D:6)
  39 yaks
  A wyvern (Lair:1)
  2 hogs
  6 wraiths
  6 vampire mosquitoes
  3 basilisks
  A hungry ghost (D:11)
  4 fire elementals (D:12)
  9 wargs
  A soldier ant (D:14)
  15 water moccasins
  18 hell hounds
  4 porcupines
  A swamp drake (Orc:1)
  9 ice beasts
  8 orc warriors
  12 black bears
  A hornet zombie (D:12)
  5 sky beasts
  2 phantoms
  An ogre (shapeshifter) (D:15)
  2 necrophages
  6 ogres
  18 wolves
  8 crocodiles
  13 centaurs
  2 big kobolds
  11 bullfrogs
  2 wyvern zombies
  5 scorpions
  A water moccasin skeleton (D:6)
  13 killer bees
  8 wights (D:11)
  3 howler monkeys
  An electric eel (D:11)
  7 crimson imps
  3 bullfrog zombies
  2 centaur zombies
  3 quasits
  5 hounds
  11 orc priests
  2 jellies
  16 orc wizards
  4 bullfrog skeletons
  A gnoll shaman (D:5)
  An iron imp (Orc:1)
  2 iguanas
  4 hell rats (Lair:6)
  7 worker ants
  A hound skeleton (D:9)
  A worker ant zombie (D:11)
  8 gnolls
  7 adders
  A shadow imp (Orc:1)
  A white imp (Orc:1)
  An ooze (D:2)
  An adder zombie (D:8)
  3 adder skeletons
  6 worms
  3 dart slugs
  8 leopard geckos
  86 orcs
  3 giant cockroaches
  9 goblins
  17 hobgoblins
  3 jackals
  4 quokkas
  5 ball pythons
  7 bats
  10 frilled lizards
  18 kobolds
  A leopard gecko zombie (D:5)
  7 rats
  2 plants
714 creatures vanquished.

Vanquished Creatures (others)
  A human (Lair:5)
  A sky beast (D:5)
  A slave (D:5)
  A crimson imp (D:5)
  A bullfrog zombie (D:5)
  A hound zombie (D:5)
  7 fungi
  24 plants
37 creatures vanquished.

Grand Total: 751 creatures vanquished

Notes
Turn   | Place    | Note
-------+----------+-------------------------------------------
     0 | D:1      | Kagalorn the Gnoll Air Elementalist began the quest for the
                  | Orb.
     0 | D:1      | Reached XP level 1. HP: 13/13 MP: 6/6
   115 | D:1      | Reached XP level 2. HP: 19/19 MP: 4/7
   624 | D:1      | Reached XP level 3. HP: 25/25 MP: 1/9
   716 | D:1      | Reached skill level 5 in Spellcasting
  1216 | D:2      | Reached skill level 1 in Invocations
  1615 | D:2      | Reached skill level 1 in Fighting
  1615 | D:2      | Reached skill level 1 in Short Blades
  1615 | D:2      | Reached skill level 1 in Long Blades
  1615 | D:2      | Reached skill level 1 in Axes
  1615 | D:2      | Reached skill level 1 in Maces & Flails
  1615 | D:2      | Reached skill level 1 in Polearms
  1615 | D:2      | Reached skill level 1 in Staves
  1615 | D:2      | Reached skill level 1 in Slings
  1615 | D:2      | Reached skill level 1 in Bows
  1615 | D:2      | Reached skill level 1 in Crossbows
  1615 | D:2      | Reached skill level 1 in Throwing
  1615 | D:2      | Reached skill level 1 in Armour
  1615 | D:2      | Reached skill level 1 in Shields
  1615 | D:2      | Reached skill level 1 in Unarmed Combat
  1615 | D:2      | Reached skill level 1 in Evocations
  1662 | D:2      | Reached XP level 4. HP: 32/32 MP: 6/11
  2081 | D:2      | Found a shimmering blue altar of Sif Muna.
  2081 | D:2      | Found a shadowy altar of Dithmenos.
  2081 | D:2      | Found a glowing silver altar of Zin.
  2149 | D:2      | Reached skill level 1 in Hexes
  2149 | D:2      | Reached skill level 1 in Charms
  2149 | D:2      | Reached skill level 1 in Summonings
  2149 | D:2      | Reached skill level 1 in Necromancy
  2149 | D:2      | Reached skill level 1 in Translocations
  2149 | D:2      | Reached skill level 1 in Transmutations
  2149 | D:2      | Reached skill level 1 in Fire Magic
  2149 | D:2      | Reached skill level 1 in Ice Magic
  2149 | D:2      | Reached skill level 1 in Earth Magic
  2149 | D:2      | Reached skill level 1 in Poison Magic
  3112 | D:3      | Reached XP level 5. HP: 37/37 MP: 12/12
  3222 | D:3      | Found a snail-covered altar of Cheibriados.
  3226 | D:3      | Became a worshipper of Cheibriados the Contemplative
  3541 | D:4      | Noticed an ogre
  3559 | D:4      | Killed an ogre
  3559 | D:4      | Reached XP level 6. HP: 44/44 MP: 11/13
  3698 | D:4      | Reached skill level 5 in Dodging
  4115 | D:4      | Found a burning altar of Makhleb.
  4115 | D:4      | Found an opulent altar of Gozag.
  4115 | D:4      | Found a radiant altar of Vehumet.
  4252 | D:4      | Reached * piety under Cheibriados
  4364 | D:5      | Entered Level 5 of the Dungeon
  4456 | D:4      | Learned a level 4 spell: Airstrike
  4459 | D:5      | Reached XP level 7. HP: 50/50 MP: 6/15
  4547 | D:5      | Noticed Pikel
  4559 | D:5      | Killed Pikel
  4559 | D:5      | Reached skill level 5 in Stealth
  4559 | D:5      | Reached XP level 8. HP: 57/57 MP: 7/16
  5020 | D:5      | You fall into a shaft and drop 3 floors!
  5241 | D:8      | Noticed Prince Ribbit
  5255 | D:8      | Killed Prince Ribbit
  5389 | D:8      | Reached ** piety under Cheibriados
  5476 | D:8      | Noticed Maurice
  5493 | D:8      | Killed Maurice
  5493 | D:8      | Reached XP level 9. HP: 65/65 MP: 4/18
  5612 | D:8      | Noticed Maggie
  5616 | D:8      | Killed Maggie
  5734 | D:8      | Noticed Harold
  5900 | D:7      | Found a staircase to the Ecumenical Temple.
  5916 | Temple   | Entered the Ecumenical Temple
  6261 | D:7      | Found a hazy altar of Hepliaklqana.
  6681 | D:5      | Noticed Grinder
  6685 | D:5      | Killed Grinder
  6795 | D:5      | Reached skill level 5 in Invocations
  6799 | D:5      | Reached *** piety under Cheibriados
  7141 | D:6      | Found a transporter.
  7141 | D:6      | Noticed Sigmund
  7143 | D:6      | Killed Sigmund
  7154 | D:6      | Reached XP level 10. HP: 68/72 MP: 10/20
  7158 | D:6      | Found a transporter.
  7801 | D:6      | Noticed kelmiir's ghost (novice OpMo)
  8275 | D:8      | Found a roughly hewn altar of Beogh.
  8309 | D:8      | Reached **** piety under Cheibriados
  8309 | D:8      | Reached skill level 5 in Fighting
  8309 | D:8      | Reached skill level 5 in Short Blades
  8309 | D:8      | Reached skill level 5 in Long Blades
  8309 | D:8      | Reached skill level 5 in Axes
  8309 | D:8      | Reached skill level 5 in Maces & Flails
  8309 | D:8      | Reached skill level 5 in Polearms
  8309 | D:8      | Reached skill level 5 in Staves
  8309 | D:8      | Reached skill level 5 in Slings
  8309 | D:8      | Reached skill level 5 in Bows
  8309 | D:8      | Reached skill level 5 in Crossbows
  8309 | D:8      | Reached skill level 5 in Throwing
  8309 | D:8      | Reached skill level 5 in Armour
  8309 | D:8      | Reached skill level 5 in Shields
  8309 | D:8      | Reached skill level 5 in Unarmed Combat
  8309 | D:8      | Reached skill level 5 in Evocations
  8676 | D:8      | Killed Harold
  8767 | D:9      | Found a shimmering altar of Xom.
  8767 | D:9      | Found a shimmering altar of Xom.
  8767 | D:9      | Found a shimmering altar of Xom.
  9037 | D:9      | Found a shimmering altar of Xom.
  9038 | D:9      | Found a shimmering altar of Xom.
  9048 | D:9      | Reached skill level 5 in Conjurations
  9053 | D:9      | Reached ***** piety under Cheibriados
  9505 | D:9      | Found a shimmering blue altar of Sif Muna.
  9680 | D:9      | Found a shimmering altar of Xom.
  9680 | D:9      | Found a shimmering altar of Xom.
  9780 | D:9      | Found a hide-covered altar of Uskayaw.
  9785 | D:9      | Found a sacrificial altar of Ru.
  9790 | D:9      | Found a sparkling altar of Nemelex Xobeh.
  9861 | D:9      | Noticed a two-headed ogre
  9865 | D:9      | Killed a two-headed ogre
  9865 | D:9      | Reached XP level 11. HP: 80/80 MP: 8/22
  9867 | D:9      | Found an iron altar of Okawaru.
  9946 | D:9      | Found a staircase to the Orcish Mines.
 10128 | D:10     | Entered Level 10 of the Dungeon
 10333 | D:10     | Reached skill level 5 in Hexes
 10333 | D:10     | Reached skill level 5 in Charms
 10333 | D:10     | Reached skill level 5 in Summonings
 10333 | D:10     | Reached skill level 5 in Necromancy
 10333 | D:10     | Reached skill level 5 in Translocations
 10333 | D:10     | Reached skill level 5 in Transmutations
 10333 | D:10     | Reached skill level 5 in Fire Magic
 10333 | D:10     | Reached skill level 5 in Ice Magic
 10333 | D:10     | Reached skill level 5 in Earth Magic
 10333 | D:10     | Reached skill level 5 in Poison Magic
 10535 | D:10     | Found a basalt altar of Yredelemnul.
 10565 | D:10     | Found a staircase to the Lair.
 10658 | D:10     | Reached ****** piety under Cheibriados
 10920 | D:11     | Found Tukhlun's Mass Market.
 11189 | D:11     | Noticed a cyan ugly thing
 11212 | D:11     | Killed a cyan ugly thing
 11632 | D:11     | Killed an unseen horror
 12035 | D:11     | Noticed a four-headed hydra
 12039 | D:11     | Killed a four-headed hydra
 12376 | Lair:1   | Entered Level 1 of the Lair of Beasts
 12569 | Lair:1   | Reached XP level 12. HP: 88/88 MP: 4/24
 12732 | Lair:1   | You fall into a shaft and drop 1 floor!
 12949 | Lair:2   | Noticed Sonja
 12950 | Lair:2   | Noticed Sonja
 12950 | Lair:2   | Sonja changed into Sonja the shapeshifter
 12951 | Lair:2   | Noticed Sonja
 12951 | Lair:2   | Sonja the shapeshifter changed into Sonja the orb spider
 12954 | Lair:2   | Killed Sonja the orb spider
 14150 | Lair:2   | Noticed a catoblepas
 14157 | Lair:2   | Killed a catoblepas
 14864 | Lair:3   | Found a staircase to the Snake Pit.
 15141 | Lair:3   | You fall into a shaft and drop 1 floor!
 16353 | Lair:4   | Reached XP level 13. HP: 90/97 MP: 19/26
 16512 | Lair:4   | Found a staircase to the Shoals.
 16517 | Lair:4   | Found a runed translucent gate.
 16617 | Lair:4   | Noticed a minotaur
 16622 | Lair:4   | Noticed Hiywul's ghost (journeyman MiHu)
 17018 | Lair:4   | Found a runed translucent gate.
 17018 | Lair:4   | Found a runed translucent gate.
 17969 | Shoals:1 | Entered Level 1 of the Shoals
 18433 | Lair:5   | Noticed Josephine
 18439 | Lair:5   | Killed Josephine
 18713 | Lair:5   | Noticed Urug
 18720 | Lair:5   | Killed Urug
 18759 | Lair:5   | Noticed Kirke
 19010 | Lair:5   | Killed Kirke
 19584 | Lair:5   | Found a glowing silver altar of Zin.
 19673 | Lair:6   | Entered Level 6 of the Lair of Beasts
 19700 | Lair:6   | Found a viscous altar of Jiyva.
 19720 | Lair:6   | Found a staircase to the Slime Pits.
 19809 | Lair:6   | Reached skill level 10 in Spellcasting
 20022 | Lair:6   | Reached XP level 14. HP: 93/105 MP: 19/28
 20711 | Lair:6   | Reached skill level 10 in Dodging
 21293 | Lair:6   | Reached skill level 10 in Stealth
 21696 | Lair:6   | Found a runed translucent door.
 21843 | Lair:6   | Reached skill level 10 in Invocations
 23190 | D:12     | You fall into a shaft and drop 2 floors!
 23404 | D:13     | Reached XP level 15. HP: 113/113 MP: 27/29
 24060 | D:12     | Noticed Azrael
 24079 | D:12     | Killed Azrael
 25132 | D:13     | Found a gate to the Vaults.
 25468 | D:14     | Reached skill level 10 in Air Magic
 26027 | D:15     | Entered Level 15 of the Dungeon
 26030 | D:15     | Reached skill level 10 in Fighting
 26030 | D:15     | Reached skill level 10 in Short Blades
 26030 | D:15     | Reached skill level 10 in Long Blades
 26030 | D:15     | Reached skill level 10 in Axes
 26030 | D:15     | Reached skill level 10 in Maces & Flails
 26030 | D:15     | Reached skill level 10 in Polearms
 26030 | D:15     | Reached skill level 10 in Staves
 26030 | D:15     | Reached skill level 10 in Slings
 26030 | D:15     | Reached skill level 10 in Bows
 26030 | D:15     | Reached skill level 10 in Crossbows
 26030 | D:15     | Reached skill level 10 in Throwing
 26030 | D:15     | Reached skill level 10 in Armour
 26030 | D:15     | Reached skill level 10 in Shields
 26030 | D:15     | Reached skill level 10 in Unarmed Combat
 26030 | D:15     | Reached skill level 10 in Evocations
 26046 | D:15     | Found a blossoming altar of Fedhas.
 26720 | Orc:1    | Entered Level 1 of the Orcish Mines
 26824 | Orc:1    | Found a dark tunnel.
 26844 | Volcano  | Entered a volcano
 27554 | Orc:1    | Learned a level 2 spell: Blink
 27558 | Orc:1    | Learned a level 3 spell: Mephitic Cloud
 27562 | Orc:1    | Found the +3 hat of Pondering {ponderous, MR+ MP+10 Int+5}
 27703 | Orc:2    | Entered Level 2 of the Orcish Mines
 27714 | Orc:2    | Found Wogium's Jewellery Boutique.
 27807 | Orc:2    | Reached XP level 16. HP: 34/121 MP: 31/31
 27808 | Orc:2    | Slain by an ettin

Illustrated notes

Levels and vault maps discovered:
D:1:      dpeg_arrival_shrine, layout_loops_corners, grunt_decor_one_mirror,
          st_stairs_10
D:2:      kennysheep_big_flooded_room, layout_basic,
          gammafunk_temple_overflow_claw, first_ration, minmay_tall_x
D:3:      layout_basic, marbit_many_paths
D:4:      layout_loops_ring, gammafunk_temple_overflow_forgotten
D:5:      layout_rooms, uniq_grinder, uniq_pikel
D:6:      layout_basic, gammafunk_ghost_hive, uniq_sigmund
D:7:      layout_basic, overflow_temple_1_default,
          minmay_temple_entry_statues_pillars, serial_bayou_pond_d
D:8:      corexii_shack_village, layout_loops_cross, special_room
          [special_room_orc], uniq_harold, uniq_maggie, uniq_prince_ribbit1,
          uniq_maurice
D:9:      layout_basic, okawaru_metal_pillars_1_2, nicolae_xom_altar_mimics,
          minitemple, minmay_orc_entry_guard_dogs, basic_altar
D:10:     layout_rooms, david_lair_shrubbed, basic_altar
D:11:     minmay_twisted_water, layout_basic, grunt_tengu_nest,
          nicolae_zen_rock_garden, minmay_shop_mass
D:12:     layout_loops_ring, uniq_azrael
D:13:     layout_roguey, hangedman_vaults_entry_quadrant_bands
D:14:     layout_rooms, minivault_16
D:15:     gammafunk_enter_depths_forms, layout_cross, serial_column_ruins,
          column_ruins_grid_5, column_ruins_temple_circle,
          column_ruins_open_large, column_ruins_corridor_T,
          column_ruins_open_tiny, column_ruins_grid_2, fedhas_altar_2,
          grunt_ministairs_2, minmay_fractal_squares_5
Temple:   nicolae_temple_figure_zero
Lair:1:   layout_misc_corridors, chequers_serial_rivers_large_a,
          grunt_megastairs_3
Lair:2:   layout_cellular_growth, infiniplex_staircase_pool, grunt_megastairs_1,
          uniq_sonja
Lair:3:   layout_long_grid, minmay_snake_entry_six_corridors
Lair:4:   layout_layer_cave, minmay_shoals_entry_beasts,
          maelrawn_ghost_gauntlet_escape
Lair:5:   layout_roguey, basic_altar, uniq_urug, uniq_kirke, uniq_josephine
Lair:6:   hangedman_lair_caniforms_friends, layout_small_grid, wormcave,
          slime_altar_1
Shoals:1: layout_shoals
Orc:1:    layout_caves, enter_volcano_4, hangedman_minor_magic
Orc:2:    grunt_orc_gardens, layout_caves, grunt_orc_garden, grunt_orc_garden,
          grunt_orc_garden, grunt_orc_garden, gauntlet_entry_generic

Skill      XL: |  1  2  3  4  5  6  7  8  9 10 11 12 13 14 15 |
---------------+----------------------------------------------+-----
Conjurations   | 2 3 4 5 6 7 8 9 |  9.0
Spellcasting   | 5 6 7 8 9 10 11 | 11.3
Invocations    | 1 2 3 4 5 6 7 8 9 10 11 | 11.1
Fighting       | 1 2 3 4 5 6 7 8 9 10 | 10.3
Short Blades   | 1 2 3 4 5 6 7 8 9 10 | 10.3
Long Blades    | 1 2 3 4 5 6 7 8 9 10 | 10.3
Axes           | 1 2 3 4 5 6 7 8 9 10 | 10.3
Maces & Flails | 1 2 3 4 5 6 7 8 9 10 | 10.3
Polearms       | 1 2 3 4 5 6 7 8 9 10 | 10.3
Staves         | 1 2 3 4 5 6 7 8 9 10 | 10.3
Slings         | 1 2 3 4 5 6 7 8 9 10 | 10.3
Bows           | 1 2 3 4 5 6 7 8 9 10 | 10.3
Crossbows      | 1 2 3 4 5 6 7 8 9 10 | 10.3
Throwing       | 1 2 3 4 5 6 7 8 9 10 | 10.3
Armour         | 1 2 3 4 5 6 7 8 9 10 | 10.3
Shields        | 1 2 3 4 5 6 7 8 9 10 | 10.3
Unarmed Combat | 1 2 3 4 5 6 7 8 9 10 | 10.3
Evocations     | 1 2 3 4 5 6 7 8 9 10 | 10.3
Hexes          | 1 2 3 4 5 6 7 8 |  8.7
Charms         | 1 2 3 4 5 6 7 8 |  8.7
Summonings     | 1 2 3 4 5 6 7 8 |  8.7
Necromancy     | 1 2 3 4 5 6 7 8 |  8.7
Translocations | 1 2 3 4 5 6 7 8 |  8.7
Transmutations | 1 2 3 4 5 6 7 8 |  8.7
Fire Magic     | 1 2 3 4 5 6 7 8 |  8.7
Ice Magic      | 1 2 3 4 5 6 7 8 |  8.7
Earth Magic    | 1 2 3 4 5 6 7 8 |  8.7
Poison Magic   | 1 2 3 4 5 6 7 8 |  8.7
Dodging        | 5 6 7 8 9 10 11 | 11.2
Stealth        | 5 6 7 8 9 10 11 | 11.0
Air Magic      | 6 7 8 9 10 | 10.2

Action                   |  1- 3 |  4- 6 |  7- 9 | 10-12 | 13-15 | 16-18 || total
-------------------------+-------+-------+-------+-------+-------+-------++-------
Melee: Unarmed           |    23 |       |       |       |       |       ||    23
       Short sword       |     7 |    50 |   139 |   556 |  1082 |       ||  1834
       Bite              |     3 |     2 |    23 |   142 |   422 |     1 ||   593
       Punch             |       |     1 |       |       |       |       ||     1
       Broad axe         |       |       |       |       |   522 |     1 ||   523
Throw: Dart              |       |     6 |       |       |       |       ||     6
 Cast: Shock             |    57 |    83 |    43 |   187 |    82 |       ||   452
       Airstrike         |       |     1 |    34 |   132 |   180 |       ||   347
Invok: Slouch            |       |       |       |     2 |    12 |       ||    14
Evoke: Wand              |       |       |     1 |     1 |       |       ||     2
  Use: Scroll            |       |     8 |     7 |    14 |     9 |       ||    38
       Potion            |       |       |       |     2 |       |       ||     2
 Stab: Sleeping          |     1 |     4 |     8 |    12 |    21 |       ||    46
       Distracted        |       |       |       |     1 |     2 |       ||     3
  Eat: Chunk             |     2 |     9 |     7 |    13 |    19 |       ||    50
       Ration            |       |       |       |     1 |     1 |       ||     2
Armor: Robe              |     6 |     4 |    14 |    25 |       |       ||    49
       Swamp dragon scal |       |       |       |    26 |   273 |       ||   299
       Fire dragon scale |       |       |       |       |    13 |       ||    13
Dodge: Dodged            |    16 |    44 |    80 |   422 |  1449 |     1 ||  2012
Block: Buckler           |       |       |    24 |   185 |   501 |       ||   710
       Kite shield       |       |       |       |       |   436 |     2 ||   438
       Reflection        |       |       |       |       |    33 |       ||    33
